 Dungeon Crawl Stone Soup version 0.25-a0-378-gd2ca0b7745 (console) character file.

Game seed: 309407627745879147, levelgen mode: deterministic

239 Kagalorn the Sneak (level 6, -2/51 HPs)
             Began as a Naga Arcane Marksman on Jan 7, 2020.
             Slain by an adder (4 damage)
             ... on level 4 of the Dungeon.
             The game lasted 00:11:10 (4520 turns).

Kagalorn the Sneak (Naga Arcane Marksman)           Turns: 4520, Time: 00:11:11

Health: -2/51      AC:  3    Str: 14    XL:     6   Next: 7%
Magic:  7/7        EV: 10    Int: 14    God:
Gold:   189        SH:  0    Dex: 11    Spells: 6/7 levels left

rFire    . . .     SeeInvis +   a - +0 shortbow
rCold    + . .     Gourm    .   (shield currently unavailable)
rNeg     . . .     Faith    .   e - +0 robe
rPois    +         Spirit   .   (no helmet)
rElec    .         Reflect  .   (no cloak)
rCorr    .         Harm     .   (no gloves)
MR       +....                  (no barding)
Stlth    +++.......             (no amulet)
HPRegen  0.17/turn              g - ring of protection from cold
MPRegen  0.10/turn              x - ring of protection from magic

@: very slow
A: large, see invisible, deformed body, poison resistance, slowness 2, slow
metabolism 1, spit poison 1, AC +2
a: Spit Poison


You were on level 4 of the Dungeon.
You were very hungry.

You visited 1 branch of the dungeon, and saw 5 of its levels.

You collected 228 gold pieces.
You spent 39 gold pieces at shops.

Inventory:

Hand Weapons
 a - a +0 shortbow (weapon)
 b - a +1 dagger of venom
 r - a +3 whip
 v - a +0 war axe
Missiles
 d - 35 arrows (quivered)
 u - a throwing net
 w - 5 javelins
Armour
 e - a +0 robe (worn)
Jewellery
 g - a ring of protection from cold (left hand)
 x - a ring of protection from magic (right hand)
Scrolls
 h - 2 scrolls of noise {unknown}
 j - a scroll of fog {unknown}
 l - 2 scrolls of enchant weapon {unknown}
 n - 2 scrolls of remove curse
 t - 2 scrolls of teleportation {unknown}
 y - a scroll of fear
Potions
 i - 2 potions of resistance
 k - 2 potions of degeneration
 m - a potion of mutation
 o - 2 potions of berserk rage
 p - a potion of brilliance
 q - 2 potions of flight
 s - a potion of haste
 z - a potion of curing
Comestibles
 f - 9 rations


   Skills:
 - Level 1.0 Fighting
 + Level 4.2 Bows
 - Level 1.5 Dodging
 - Level 6.0 Stealth
 - Level 1.0 Spellcasting
 - Level 3.0 Hexes


You had 6 spell levels left.
You knew the following spells:

 Your Spells              Type           Power        Failure   Level  Hunger
a - Corona                Hex            #......      8%          1    ##.....

Your spell library contained the following spells:

 Spells                   Type           Power        Failure   Level  Hunger
 Slow                     Hex            #.......     12%         2    ###....
 Inner Flame              Hex/Fire       #.......     38%         3    ####...
 Portal Projectile        Hex/Tloc       #.....       38%         3    ####...
 Cause Fear               Hex            #.........   58%         4    #####..
 Leda's Liquefaction      Hex/Erth       #.........   80%         4    #####..


Dungeon Overview and Level Annotations

Branches:
Dungeon (5/15)
 Temple: D:4-7

Altars:
Qazlal
Sif Muna
Vehumet

Shops:
D:4 !

Annotations:
D:4 Eustachio, Prince Ribbit


Innate Abilities, Weirdness & Mutations

You cannot wear boots.
Your serpentine skin is tough. (AC +2)
You have supernaturally acute eyesight. (SInv)
Armour fits poorly on your strangely shaped body.
Your system is resistant to poisons. (rPois)
You cover ground very slowly.
You have a slow metabolism.
You can spit poison.


Message History

Aim: Prince Ribbit (lightly wounded)
You shoot an arrow. The arrow barely misses Prince Ribbit.
The adder closely misses you. Prince Ribbit hits you!
* * * LOW HITPOINT WARNING * * *
The adder closely misses you.
Firing (i - inventory. (/) - cycle)
d - 37 arrows (quivered)
Press: ? - help, Shift-Dir - straight line, f/p - Prince Ribbit
Aim: Prince Ribbit (lightly wounded)
You shoot an arrow. The arrow closely misses Prince Ribbit.
Prince Ribbit hits you!
* * * LOW HITPOINT WARNING * * *
The adder bites you.
* * * LOW HITPOINT WARNING * * *
Prince Ribbit barely misses you.
Firing (i - inventory. (/) - cycle)
d - 36 arrows (quivered)
Press: ? - help, Shift-Dir - straight line, f/p - Prince Ribbit
Aim: Prince Ribbit (lightly wounded)
You shoot an arrow. The arrow closely misses Prince Ribbit.
The adder bites you.
You die...

#.##....# #########
#.##....# #.......#
#.##....#
#.#####.#####.##....#
#.##.................
#.##^##.#####.#..####
#.##.##.# #.#.##
#.##.##.#####.#.# ###
#...@F......#######..
###S#########≈≈≈≈≈###
#.##.....#≈≈≈≈≈≈≈##
#.##...###≈≈...≈≈#.
#.####.# #≈≈._.≈≈#.
#......# #≈≈...≈≈#.
######## #≈≈≈.≈≈≈#.
##≈≈.≈≈### ###'#####


You could see Prince Ribbit and an adder.

Vanquished Creatures
  A bullfrog skeleton (D:4)
  An orc wizard (D:4)
  A worker ant (D:4)
  6 adders
  A gnoll (D:1)
  2 worms
  3 dart slugs
  2 leopard geckos (D:2)
  7 orcs
  3 ball pythons
  4 bats
  4 giant cockroaches
  9 goblins
  6 hobgoblins
  6 jackals
  5 kobolds
  3 quokkas
  7 frilled lizards
  6 rats
77 creatures vanquished.

Vanquished Creatures (others)
  A giant cockroach (D:2)
  A hobgoblin (D:2)
2 creatures vanquished.

Grand Total: 79 creatures vanquished

Notes
Turn   | Place    | Note
-------+----------+-------------------------------------------
     0 | D:1      | Kagalorn the Naga Arcane Marksman began the quest for the
                  | Orb.
     0 | D:1      | Reached XP level 1. HP: 18/18 MP: 2/2
    48 | D:1      | Reached skill level 2 in Stealth
    48 | D:1      | Reached XP level 2. HP: 15/25 MP: 3/3
    80 | D:1      | Reached skill level 3 in Stealth
   514 | D:1      | Reached skill level 4 in Stealth
   747 | D:1      | Reached XP level 3. HP: 28/31 MP: 4/4
  1280 | D:2      | Reached skill level 5 in Stealth
  1423 | D:2      | Reached XP level 4. HP: 38/38 MP: 5/5
  1489 | D:2      | Found a radiant altar of Vehumet.
  2471 | D:3      | Reached skill level 6 in Stealth
  2674 | D:3      | Reached XP level 5. HP: 35/44 MP: 6/6
  2683 | D:3      | Found a stormy altar of Qazlal.
  3202 | D:4      | Found Mututor's Distillery.
  3207 | D:4      | Bought a potion of curing for 39 gold pieces
  3448 | D:4      | Noticed a phantom
  3807 | D:4      | Found a shimmering blue altar of Sif Muna.
  3880 | D:4      | Reached XP level 6. HP: 42/51 MP: 7/7
  4020 | D:5      | Entered Level 5 of the Dungeon
  4026 | D:5      | Noticed Eustachio
  4406 | D:5      | Noticed Prince Ribbit
  4519 | D:4      | HP: 2/51 [adder (4)]
  4520 | D:4      | Slain by an adder

Levels and vault maps discovered:
D:1:      erik_arrival_cave_to_civilisation [erik_arrival_cave_to_hall],
          layout_basic
D:2:      layout_basic, fiery_altar_vehumet, first_ration
D:3:      layout_basic, nicolae_qazlal_general_emergency
D:4:      layout_basic, led_sif_pool, serial_shops, nicolae_shop_trees,
          hangedman_decor_clover_reticule, grunt_decor_resistance
D:5:      layout_rooms, serial_shops, shop, nicolae_shop_behind_doors,
          minmay_manual_monstrance, uniq_prince_ribbit1, uniq_eustachio,
          uniq_crazy_yiuf_cottage

Skill      XL: |  1  2  3  4  5 |
---------------+----------------+-----
Stealth        | 2 4 5 6 |  6.0
Bows           | 2 4 |  4.2
Fighting       | |  1.0
Dodging        | |  1.5
Spellcasting   | |  1.0
Hexes          | |  3.0

Action                   |  1- 3 |  4- 6 || total
-------------------------+-------+-------++-------
Melee: Unarmed           |    43 |       ||    43
       Dagger            |     6 |   112 ||   118
 Fire: Shortbow          |     8 |    17 ||    25
 Abil: Spit Poison       |    37 |    40 ||    77
  Use: Scroll            |       |    10 ||    10
 Stab: Sleeping          |       |     4 ||     4
  Eat: Chunk             |     3 |     9 ||    12
Armor: Robe              |    10 |    26 ||    36
Dodge: Dodged            |    25 |    71 ||    96

Table legend:
 A = Non-vault XP
 B = Vault XP
 C = Vault XP percentage of total XP
 D = Non-vault monster count
 E = Vault monster count
 F = Vault count percentage of total count
                 A         B        C        D         E       F
            +---------+---------+-------+---------+---------+-------
      Total |     342 |       0 |   0.0 |      77 |       0 |   0.0
            +---------+---------+-------+---------+---------+-------
        D:1 |      55 |       0 |   0.0 |      25 |       0 |   0.0
        D:2 |      72 |       0 |   0.0 |      24 |       0 |   0.0
        D:3 |      56 |       0 |   0.0 |      17 |       0 |   0.0
        D:4 |     159 |       0 |   0.0 |      11 |       0 |   0.0
            +---------+---------+-------+---------+---------+-------
